[ AOE2 MATCH · #488094630 ]
UnrankedChinese vs Spanish
Player's team · WIN
Rival team · LOSS
[ REPLAY ANALYSIS · EXTRACTED FROM THE RECORDED GAME ]
Feudal
9:23
Castle
17:29
Imperial
32:32
| APM avg | 35.1 |
| APM peak | 118 |
| eAPM avg | 19.4 |
| Villagers / military | 158 / 218 |
Focus
⚔️ 32.9% · 🌾 67.1%
Fire Lancer ×135 · Skirmisher ×66 · Trebuchet (Packed) ×12 · Militia ×4 · Monk ×1
Feudal
9:15
Castle
18:06
Imperial
35:46
| APM avg | 32.3 |
| APM peak | 85 |
| eAPM avg | 14.4 |
| Villagers / military | 87 / 99 |
Focus
⚔️ 43.7% · 🌾 56.3%
Skirmisher ×35 · Conquistador ×21 · Knight ×13 · Battering Ram ×9 · Hand Cannoneer ×8 · Bombard Cannon ×5
Match map
Initial resources + every placement click. Lines = walls · curves = elevation contours. ◆ gold · ⬟ stone · ● berries · ✦ relic · ◌ wall gap
Your base· ✓ Closed at 17:29 · 1t walls · no gate
Patea trazeroz's base· ✓ Closed at 18:06 · 8t walls · 1 gate(s)
Smoothed initial terrain · ◌ = detected wall gap · hover for details
Inputs per minute
— Cve - - Patea trazeroz
Build order — Cve
First 150 of 355 actions detected
| 0:05 | Research | Loom |
| 0:47 | Create | Villager (Male) |
| 1:16 | Create | Villager (Male) |
| 1:39 | Create | Villager (Male) |
| 2:08 | Create | Villager (Male) |
| 2:22 | Build | Lumber Camp |
| 2:31 | Create | Villager (Male) |
| 2:51 | Create | Villager (Male) |
| 3:39 | Create | Villager (Male) |
| 3:59 | Create | Villager (Male) |
| 3:59 | Create | Villager (Male) |
| 4:07 | Build | House |
| 4:16 | Create | Villager (Male) |
| 4:34 | Create | Villager (Male) |
| 4:51 | Build | Mill |
| 5:13 | Create | Villager (Male) |
| 5:14 | Create | Villager (Male) |
| 5:22 | Build | House |
| 5:24 | Build | Palisade Wall |
| 5:35 | Create | Villager (Male) |
| 7:08 | Research | Feudal Age |
| 7:30 | Build | Lumber Camp |
| 8:02 | Create | Villager (Male) |
| 8:19 | Build | Farm |
| 8:47 | Build | Farm |
| 9:23 | Age | Feudal Age |
| 9:27 | Build | Market |
| 9:34 | Build | Blacksmith |
| 9:41 | Create | Villager (Male) |
| 9:57 | Build | Farm |
| 10:28 | Create | Villager (Male) |
| 10:31 | Research | Double-Bit Axe |
| 10:35 | Build | Farm |
| 10:49 | Build | Mining Camp |
| 10:55 | Build | House |
| 10:57 | Create | Villager (Male) |
| 10:57 | Create | Villager (Male) |
| 10:58 | Create | Villager (Male) |
| 11:17 | Research | Horse Collar |
| 11:33 | Build | Farm |
| 12:02 | Build | House |
| 12:07 | Create | Villager (Male) |
| 12:07 | Create | Villager (Male) |
| 12:19 | Build | Farm |
| 12:24 | Build | Farm |
| 12:33 | Build | Mining Camp |
| 12:39 | Create | Villager (Male) |
| 12:47 | Create | Villager (Male) |
| 12:58 | Build | Farm |
| 13:43 | Build | Farm |
| 13:44 | Create | Villager (Male) |
| 14:06 | Build | Farm |
| 14:12 | Build | Farm |
| 14:49 | Research | Castle Age |
| 14:50 | Create | Villager (Male) |
| 15:14 | Build | House |
| 15:45 | Research | Stone Mining |
| 15:58 | Research | Wheelbarrow |
| 17:29 | Age | Castle Age |
| 17:31 | Build | Town Center |
| 17:35 | Create | Villager (Male) |
| 17:37 | Research | Bow Saw |
| 17:39 | Research | Heavy Plow |
| 18:16 | Create | Villager (Male) |
| 18:47 | Create | Villager (Male) |
| 18:47 | Create | Villager (Male) |
| 18:53 | Build | Town Center |
| 19:07 | Build | Outpost |
| 19:11 | Create | Villager (Male) |
| 19:11 | Create | Villager (Male) |
| 19:12 | Research | Town Watch |
| 19:39 | Create | Villager (Male) |
| 19:39 | Create | Villager (Male) |
| 20:06 | Create | Villager (Male) |
| 20:06 | Create | Villager (Male) |
| 20:07 | Create | Villager (Male) |
| 20:07 | Create | Villager (Male) |
| 20:11 | Create | Villager (Male) |
| 20:11 | Create | Villager (Male) |
| 20:23 | Build | Mill |
| 20:25 | Build | Barracks |
| 20:29 | Create | Villager (Male) |
| 20:30 | Create | Villager (Male) |
| 20:33 | Build | Farm |
| 20:43 | Create | Villager (Male) |
| 20:43 | Create | Villager (Male) |
| 21:07 | Build | Town Center |
| 21:10 | Create | Villager (Male) |
| 21:10 | Create | Villager (Male) |
| 21:19 | Build | Castle |
| 21:26 | Create | Villager (Male) |
| 21:26 | Create | Villager (Male) |
| 21:49 | Build | Gate |
| 21:52 | Create | Villager (Male) |
| 21:52 | Create | Villager (Male) |
| 22:01 | Research | Fletching |
| 22:05 | Build | University |
| 22:11 | Build | Archery Range |
| 22:20 | Build | Farm |
| 22:21 | Build | Farm |
| 22:26 | Create | Villager (Male) |
| 22:39 | Create | Villager (Male) ×3 |
| 22:44 | Build | Farm |
| 22:44 | Build | Farm |
| 22:47 | Build | Farm |
| 22:52 | Build | Farm |
| 22:53 | Create | Villager (Male) |
| 23:08 | Create | Villager (Male) ×2 |
| 23:12 | Build | Farm |
| 23:12 | Build | Farm |
| 23:13 | Build | Farm |
| 23:15 | Build | Farm |
| 23:19 | Create | Villager (Male) ×3 |
| 23:26 | Create | Villager (Male) |
| 23:32 | Build | Monastery |
| 23:42 | Build | Farm |
| 23:43 | Build | Farm |
| 23:47 | Create | Villager (Male) |
| 23:51 | Create | Villager (Male) |
| 23:51 | Create | Villager (Male) |
| 23:53 | Create | Villager (Male) |
| 23:57 | Create | Skirmisher |
| 24:08 | Build | Farm |
| 24:08 | Build | Farm |
| 24:08 | Build | Farm |
| 24:09 | Build | Farm |
| 24:11 | Create | Villager (Male) ×2 |
| 24:19 | Create | Monk |
| 24:27 | Create | Villager (Male) ×2 |
| 24:36 | Build | Lumber Camp |
| 24:40 | Create | Villager (Male) ×3 |
| 24:48 | Create | Skirmisher |
| 24:53 | Create | Villager (Male) |
| 25:01 | Build | Farm |
| 25:01 | Build | Farm |
| 25:02 | Build | Farm |
| 25:02 | Build | Farm |
| 25:02 | Build | Farm |
| 25:02 | Build | Farm |
| 25:03 | Build | Farm |
| 25:06 | Create | Villager (Male) ×2 |
| 25:14 | Build | Archery Range |
| 25:16 | Create | Villager (Male) ×2 |
| 25:25 | Build | Lumber Camp |
| 25:25 | Create | Villager (Male) ×2 |
| 25:34 | Research | Elite Skirmisher (upgrade) |
| 25:36 | Create | Villager (Male) |
| 25:39 | Create | Villager (Male) ×2 |
| 25:47 | Build | Farm |
| 25:50 | Build | Farm |
Build order — Patea trazeroz
First 150 of 325 actions detected
| 0:00 | Create | Villager (Male) |
| 0:01 | Create | Villager (Male) |
| 0:01 | Create | Villager (Male) |
| 0:01 | Create | Villager (Male) |
| 0:01 | Create | Villager (Male) |
| 0:02 | Build | House |
| 0:04 | Build | House |
| 0:05 | Build | House |
| 1:31 | Create | Villager (Male) |
| 2:11 | Create | Villager (Male) |
| 2:35 | Create | Villager (Male) |
| 2:35 | Create | Villager (Male) |
| 2:50 | Create | Villager (Male) |
| 3:19 | Create | Villager (Male) |
| 3:19 | Create | Villager (Male) |
| 3:20 | Create | Villager (Male) |
| 3:20 | Create | Villager (Male) |
| 3:39 | Create | Villager (Male) |
| 4:20 | Create | Villager (Male) |
| 4:21 | Create | Villager (Male) |
| 4:46 | Create | Villager (Male) |
| 5:19 | Build | Mill |
| 5:31 | Build | Lumber Camp |
| 5:40 | Build | Lumber Camp |
| 5:44 | Create | Villager (Male) |
| 5:45 | Create | Villager (Male) |
| 7:05 | Research | Feudal Age |
| 7:24 | Build | House |
| 7:26 | Build | House |
| 7:50 | Build | Lumber Camp |
| 8:28 | Build | Palisade Wall |
| 8:36 | Build | Palisade Gate |
| 8:46 | Create | Villager (Male) |
| 9:15 | Age | Feudal Age |
| 9:18 | Research | Double-Bit Axe |
| 9:21 | Research | Horse Collar |
| 9:26 | Create | Villager (Male) |
| 9:59 | Build | Barracks |
| 10:20 | Build | Farm |
| 10:23 | Build | Farm |
| 10:26 | Build | Farm |
| 10:28 | Create | Villager (Male) |
| 10:29 | Create | Villager (Male) |
| 10:29 | Create | Villager (Male) |
| 10:49 | Build | Blacksmith |
| 11:03 | Build | Farm |
| 11:15 | Build | Farm |
| 11:20 | Build | Farm |
| 11:21 | Create | Villager (Male) |
| 11:22 | Create | Villager (Male) |
| 11:22 | Create | Villager (Male) |
| 11:40 | Build | Stable |
| 12:02 | Build | Stable |
| 12:06 | Build | House |
| 12:13 | Create | Villager (Male) |
| 12:14 | Create | Villager (Male) |
| 12:26 | Build | Mining Camp |
| 12:40 | Build | Mining Camp |
| 12:59 | Create | Villager (Male) |
| 13:20 | Research | Wheelbarrow |
| 15:26 | Research | Castle Age |
| 15:37 | Research | Gold Mining |
| 17:36 | Create | Villager (Male) |
| 18:06 | Age | Castle Age |
| 18:13 | Build | Castle |
| 18:15 | Create | Villager (Male) |
| 18:22 | Research | Husbandry |
| 18:39 | Build | Monastery |
| 18:45 | Create | Villager (Male) |
| 18:55 | Build | Farm |
| 18:58 | Build | Farm |
| 19:03 | Create | Villager (Male) |
| 19:24 | Build | Farm |
| 19:26 | Build | Farm |
| 19:31 | Build | Farm |
| 19:32 | Build | Farm |
| 19:33 | Build | Farm |
| 19:34 | Build | Farm |
| 19:36 | Create | Conquistador |
| 19:36 | Create | Conquistador |
| 19:36 | Create | Conquistador |
| 19:42 | Create | Missionary |
| 19:43 | Create | Missionary |
| 19:49 | Create | Villager (Male) |
| 20:09 | Create | Villager (Male) |
| 20:32 | Create | Villager (Male) |
| 20:34 | Create | Conquistador |
| 21:03 | Create | Conquistador |
| 21:20 | Create | Villager (Male) |
| 21:53 | Research | Hand Cart |
| 22:01 | Create | Villager (Male) |
| 22:06 | Build | Town Center |
| 22:10 | Create | Villager (Male) |
| 22:50 | Create | Villager (Male) |
| 22:59 | Create | Conquistador |
| 22:59 | Create | Conquistador |
| 23:09 | Create | Villager (Male) |
| 23:11 | Create | Villager (Male) |
| 23:17 | Research | Bow Saw |
| 23:43 | Create | Conquistador |
| 23:52 | Create | Villager (Male) |
| 24:07 | Build | Siege Workshop |
| 24:15 | Create | Villager (Male) |
| 24:19 | Create | Villager (Male) |
| 24:30 | Build | Town Center |
| 24:33 | Research | Heavy Plow |
| 24:51 | Create | Conquistador |
| 24:52 | Create | Conquistador |
| 24:52 | Create | Conquistador |
| 24:57 | Create | Villager (Male) |
| 25:01 | Build | House |
| 25:15 | Create | Villager (Male) |
| 25:15 | Create | Villager (Male) |
| 25:33 | Build | Siege Workshop |
| 25:35 | Create | Battering Ram |
| 25:46 | Create | Villager (Male) |
| 25:52 | Create | Conquistador |
| 25:57 | Research | Bloodlines |
| 26:08 | Create | Villager (Male) |
| 26:17 | Create | Battering Ram |
| 26:20 | Build | House |
| 26:21 | Build | House |
| 26:21 | Build | House |
| 26:23 | Build | House |
| 26:35 | Create | Villager (Male) |
| 26:35 | Create | Villager (Male) |
| 26:37 | Create | Battering Ram |
| 26:39 | Create | Battering Ram |
| 26:40 | Create | Battering Ram |
| 26:49 | Research | Scale Barding Armor |
| 26:58 | Create | Villager (Male) |
| 27:11 | Build | Town Center |
| 27:16 | Create | Villager (Male) |
| 27:22 | Create | Battering Ram |
| 27:22 | Create | Battering Ram |
| 27:47 | Create | Battering Ram |
| 27:47 | Create | Battering Ram |
| 28:11 | Build | Mining Camp |
| 28:16 | Create | Knight |
| 28:22 | Create | Conquistador |
| 28:41 | Create | Conquistador |
| 28:49 | Create | Knight |
| 29:33 | Create | Knight |
| 29:33 | Create | Knight |
| 29:37 | Research | Chain Barding Armor |
| 31:15 | Create | Knight |
| 31:16 | Create | Knight |
| 31:16 | Create | Knight |
| 32:36 | Research | Imperial Age |
| 32:46 | Build | Farm |
Match timeline
| 5:24 | Cve · wall_segment Palisade Wall x1 |
| 8:28 | Patea trazeroz · wall_segment Palisade Wall x8 |
| 9:15 | Patea trazeroz · age_up feudal |
| 9:23 | Cve · age_up feudal |
| 9:59 | Patea trazeroz · first_building Barracks |
| 11:40 | Patea trazeroz · first_building Stable |
| 13:49 | Cve · first_market_sell 100 wood |
| 13:52 | Cve · first_market_buy 100 food |
| 17:29 | Cve · age_up castle |
| 18:06 | Patea trazeroz · age_up castle |
| 18:13 | Patea trazeroz · first_building Castle |
| 18:39 | Patea trazeroz · first_building Monastery |
| 20:25 | Cve · first_building Barracks |
| 21:19 | Cve · first_building Castle |
| 22:11 | Cve · first_building Archery Range |
| 23:32 | Cve · first_building Monastery |
| 24:07 | Patea trazeroz · first_building Siege Workshop |
| 29:40 | Cve · wall_segment Stone Wall x1 |
| 29:41 | Cve · wall_segment Stone Wall x1 |
| 32:32 | Cve · age_up imperial |
| 35:46 | Patea trazeroz · age_up imperial |
| 36:30 | Patea trazeroz · first_building Archery Range |
| 37:27 | Cve · first_building Siege Workshop |
| 48:30 | Patea trazeroz · resign |
[ AI ANALYSIS · 1 CREDIT ]
What really happened in this match?
Wolo.gg analyzes every decision: build order, eco, micro, common mistakes by bracket. Personalized analysis on WhatsApp or Discord in 30 seconds.
Civ guide
Chinese
Perfil
Jugador #2889539